 Dungeon Crawl Stone Soup version 0.32-a0-913-g739538afd8 (webtiles) character file.

Game seed: 9854037104353150550

2385 dialectric the Changeling (level 9, -1/87 (88) HPs)
             Began as a Troll Shapeshifter on Apr 8, 2024.
             Was a Believer of Trog.
             Killed from afar by Jeremiah (19 damage)
             ... with a bolt of dispelling energy
             ... on level 7 of the Dungeon.
             The game lasted 00:07:09 (4376 turns).

dialectric the Changeling (Troll Shapeshifter)      Turns: 4376, Time: 00:07:10

HP:   -1/87 (88)    AC:  4    Str: 26    XL:     9   Next: 22%
MP:   8/8           EV: 10    Int:  6    God:    Trog [**....]
Gold: 236           SH:  0    Dex: 11    Spells: 8/8 levels left

rFire   . .          .
                       - Unarmed
rCold   . . .        (no shield)
rNeg    . . .        a - +0 animal skin
rPois   .            (helmet currently unavailable)
rElec   .            (cloak currently unavailable)
rCorr   .            (gloves unavailable)
SInv    +            (boots unavailable)
Will    .....        (no amulet)
Stlth   +            x - ring of see invisible
HPRegen 1.14/turn    (no ring)
MPRegen 0.11/turn

%: no passive effects
@: beast-form, lightly drained
A: beast (slay +3), large, unfitting armour, claws 3, regeneration 1, shaggy fur
1, tough skin 1
a: Begin Untransformation, Renounce Religion, Berserk, Trog's Hand


You were on level 7 of the Dungeon.
You worshipped Trog.
Trog was pleased with you.
You were a hulking beast.
You visited 1 branch of the dungeon, and saw 7 of its levels.

You collected 236 gold pieces.

Inventory:

Hand Weapons
 v - a +2 whip of freezing
Missiles
 r - 2 javelins (quivered)
 A - a throwing net
 B - 3 poisoned darts
Armour
 a - a +0 animal skin (worn)
 s - a +0 cloak
Jewellery
 x - a ring of see invisible (left claw)
 y - a ring of ice
 z - a +4 ring of protection
 C - a ring of protection from fire
 E - the ring "Motuirch" {rC+ Str+6}
   (You found it on level 6 of the Dungeon)

   [ring of strength]

   Str+6:     It affects your strength (+6).
   rC+:       It protects you from cold.
Talismans
 c - a beast talisman (active)
 d - a flux talisman
 G - a blade talisman
Wands
 u - a wand of mindburst (24)
 I - a wand of flame (7)
Scrolls
 f - 3 scrolls of vulnerability {unknown}
 g - 4 scrolls of identify
 i - 3 scrolls of teleportation
 k - 3 scrolls of immolation {unknown}
 l - a scroll of silence {unknown}
 m - a scroll of poison {unknown}
 n - a scroll of enchant weapon {unknown}
 o - a scroll of enchant armour {unknown}
 t - 2 scrolls of revelation {unknown}
 D - a scroll of fear {unknown}
 F - a scroll of fog {unknown}
 H - a scroll of blinking {unknown}
Potions
 b - 5 potions of lignification
 e - 4 potions of curing
 h - a potion of cancellation {unknown}
 j - 2 potions of degeneration {unknown}
 p - 2 potions of mutation {unknown}
 q - a potion of might {unknown}
 w - a potion of berserk rage {unknown}


   Skills:
 + Level 5.0 Fighting
 + Level 2.5 Armour
 + Level 5.3 Dodging
 - Level 6.0 Unarmed Combat
 * Level 6.5 Shapeshifting


You had 8 spell levels left.
You didn't know any spells.
Your spell library was empty.

Dungeon Overview and Level Annotations

Branches:
Dungeon (7/15)
 Temple: D:4-7

Altars:
Hepliaklqana
Makhleb
Ru
Sif Muna
Trog
The Shining One

Shops:
D:6 *   D:7 :

Annotations:
D:3 1 runed translucent door, Fractals's ghost, amateur DrWn
D:7 2 transporters, Jeremiah; petzl's ghost, novice FoDe


Innate Abilities, Weirdness & Mutations

You are a hulking beast.
Your limbs bulge with bestial killing power. (Slay +3)
You are too large for most types of armour.
You have claws for hands.
Your natural rate of healing is unusually fast.
You are covered in fur. (AC +1)
You have tough skin. (AC +1)


Message History

You mangle the steam dragon!!
You kill the steam dragon!
Trog accepts your kill.
You closely miss Jeremiah.
Jeremiah hops!
Jeremiah hits you from afar with a +3 trident of draining.
* * * LOW HITPOINT WARNING * * *
You feel drained.
* * * LOW HITPOINT WARNING * * *
You see here a sky beast corpse.
Okay, then.
Jeremiah zaps a wand.
The bolt of dispelling energy hits the butterfly.
The butterfly dies!
The butterfly disappears in a burst of colours!
The bolt of dispelling energy misses you.
As you read the scroll labelled ZIMMEK HOGESAX, it crumbles to dust.
It is a scroll of identify.
i - 4 scrolls of teleportation
As you read the scroll of teleportation, it crumbles to dust.
You feel strangely unstable.
Jeremiah yawns.
Jeremiah zaps a wand.
The bolt of dispelling energy hits the butterfly!
The butterfly dies!
The butterfly disappears in a burst of colours!
The bolt of dispelling energy hits you!
You feel strangely stable.
* * * LOW HITPOINT WARNING * * *
Jeremiah pinches themself.
It was a potion of curing.
You feel better.
Jeremiah mumbles a slurred invocation.
Something smites you!
* * * LOW HITPOINT WARNING * * *
Jeremiah zaps a wand.
The bolt of dispelling energy hits the butterfly!!
The butterfly dies!
The butterfly disappears in a burst of colours!
The bolt of dispelling energy hits you!!
You die...
Jeremiah asks, "Is it over?
Can I wake up now?"

#.# ##.#######.# #.#
#.........# #.#
#######.### #.. #.#
#.# #.# #.# #.#
######### #h#
##.....[.### #.#
...........#. #.#
...#####.....# #.#
.###...# #...# #.#
##W.T...# #..# #.#
##yW#.#####..###.#
#.###.# #.##.#.Fb#
O##
..$##.o#b..b########


You could see Jeremiah.

Vanquished Creatures
  Pikel (D:4)
  A gargoyle (D:6)
  A steam dragon (D:7)
  A water moccasin (D:6)
  A sky beast (D:7)
  An ice beast (D:4)
  3 ogres
  A centaur (D:6)
  A phantom (D:4)
  Blork the orc (D:4)
  A bullfrog (D:6)
  2 bombardier beetles
  A jelly (D:7)
  An orc priest (D:5)
  A sleepcap (D:4)
  5 hounds
  3 iguanas
  Jessica (D:2)
  8 adders
  8 gnolls
  A white imp (D:6)
  2 ufetubi (D:6)
  3 dart slugs
  22 orcs
  9 ball pythons
  8 endoplasms
  3 giant cockroaches
  8 goblins
  7 hobgoblins
  3 jackals (D:1)
  8 kobolds
  6 quokkas
  4 bats
  4 frilled lizards
  4 rats
135 creatures vanquished.

Notes
Turn   | Place    | Note
-------+----------+-------------------------------------------
     0 | D:1      | dialectric the Troll Shapeshifter began the quest for the
                  | Orb.
     0 | D:1      | Reached XP level 1. HP: 18/18 MP: 0/0
    57 | D:1      | Reached skill level 1 in Fighting
    83 | D:1      | Reached XP level 2. HP: 27/27 MP: 1/1
   336 | D:1      | Reached XP level 3. HP: 33/33 MP: 2/2
   924 | D:2      | Noticed Jessica
   934 | D:2      | Killed Jessica
   935 | D:2      | Reached XP level 4. HP: 18/42 MP: 3/3
  1429 | D:3      | Reached XP level 5. HP: 47/49 MP: 4/4
  1474 | D:3      | Found a faded altar of an unknown god.
  1479 | D:3      | Found a runed translucent door.
  1479 | D:3      | Noticed Fractals's ghost (amateur DrWn)
  1483 | D:3      | Prayed at the altar of an unknown god.
  1483 | D:3      | Became a worshipper of Trog the Wrathful
  1483 | D:3      | Reached * piety under Trog
  1998 | D:4      | Reached XP level 6. HP: 27/59 MP: 5/5
  2062 | D:4      | Noticed Pikel
  2156 | D:4      | Noticed Blork the orc
  2170 | D:4      | Killed Blork the orc
  2244 | D:4      | Killed Pikel
  2245 | D:4      | Reached skill level 5 in Unarmed Combat
  2245 | D:4      | Reached skill level 5 in Shapeshifting
  2245 | D:4      | Reached XP level 7. HP: 44/67 MP: 6/6
  2380 | D:4      | Reached XP level 8. HP: 44/78 MP: 7/7
  2577 | D:4      | Found a shimmering blue altar of Sif Muna.
  2632 | D:4      | Reached ** piety under Trog
  2689 | D:5      | Entered Level 5 of the Dungeon
  3117 | D:5      | Found a hazy altar of Hepliaklqana.
  3430 | D:6      | Found a bloodstained altar of Trog.
  3589 | D:6      | Reached skill level 1 in Armour
  3655 | D:6      | Noticed a gargoyle
  3665 | D:6      | Killed a gargoyle
  3666 | D:6      | Reached skill level 5 in Dodging
  3700 | D:6      | Identified the ring "Motuirch" {rC+ Str+6}
  3791 | D:6      | Found Piniotim's Mayhem Merchandise.
  3820 | D:6      | Reached XP level 9. HP: 82/87 MP: 8/8
  3961 | D:6      | Found a sacrificial altar of Ru.
  4193 | D:7      | Found a burning altar of Makhleb.
  4193 | D:7      | Noticed a blizzard demon
  4227 | D:7      | Found Xyizili's Book Emporium.
  4243 | D:7      | Noticed a troll
  4245 | D:7      | Noticed petzl's ghost (novice FoDe)
  4247 | D:7      | Noticed a moth of wrath
  4257 | D:7      | Found a bloodstained altar of Trog.
  4321 | D:7      | Found a transporter.
  4324 | D:7      | Found a transporter.
  4331 | D:7      | Noticed Jeremiah
  4333 | D:7      | Found a glowing golden altar of the Shining One.
  4362 | D:7      | Reached skill level 5 in Fighting
  4376 | D:7      | Killed from afar by Jeremiah

Illustrated notes

Levels and vault maps discovered:
D:1:      scummos_arrival_gate, layout_basic, minmay_surrounded
D:2:      layout_basic, uniq_jessica
D:3:      layout_rooms, gammafunk_ghost_grave, basic_ecumenical_altar,
          dk_noncrumbling_4
D:4:      layout_cave_pools, nicolae_sif_muna_little_library,
          nicolae_elevator_lobby_plus, uniq_pikel, uniq_blork_the_orc
D:5:      layout_basic, lemuel_doored_altar
D:6:      layout_cave_pods, trog_three_pillars_becter, nicolae_ru_path_of_blood,
          minmay_shop_mayhem
D:7:      layout_loops_ring, makhleb_altar_promises_db,
          grunt_dithmenos_smoke_and_mirrors, mainiacjoe_overflow_paths,
          minmay_temple_entry_oklob, gammafunk_ghost_wrathful_warriors,
          serial_shops, shop, uniq_jeremiah

Skill      XL: |  1  2  3  4  5  6  7  8  9 |
---------------+----------------------------+-----
Fighting       | 1 2 3 4 5 |  5.0
Dodging        | 2 3 4 5 |  5.3
Unarmed Combat | 4 5 6 |  6.0
Shapeshifting  | 4 5 6 |  6.5
Armour         | 2 |  2.5

Action                     |  1- 3 |  4- 6 |  7- 9 || total
---------------------------+-------+-------+-------++-------
  Melee: Unarmed           |    89 |   103 |   158 ||   350
         Punch             |     1 |     1 |     3 ||     5
 Invoke: Berserk           |       |     3 |     4 ||     7
    Use: Potion            |     1 |       |     1 ||     2
         Scroll            |       |       |     2 ||     2
 Armour: Animal skin       |    44 |    84 |   108 ||   236
         Skin              |     6 |     3 |       ||     9
  Dodge: Dodged            |    25 |    38 |    80 ||   143

Table legend: (Time is in decaauts)
 A = Elapsed time spent in this place.
 B = Non-inter-level travel time spent in this place.
 C = Inter-level travel time spent in this place.
 D = Time resting spent in this place.
 E = Time spent auto-exploring this place.
 F = Levels seen in this place.
 G = Mean time per level.
                   A        B        C        D        E       F      G
               +--------+--------+--------+--------+--------+-----+--------+
         Total |   4404 |   4294 |    110 |     80 |   3221 |   7 |  629.1 |
       Dungeon |   4404 |   4294 |    110 |     80 |   3221 |   7 |  629.1 |
               +--------+--------+--------+--------+--------+-----+--------+

Top non-repeatable levels by time:
     D:6: 768 daAuts
     D:4: 763 daAuts
     D:2: 739 daAuts
     D:5: 710 daAuts
     D:1: 645 daAuts
     D:3: 566 daAuts
     D:7: 210 daAuts
